 Dungeon Crawl Stone Soup version 0.16-a0-139-gc9fe9b1 (webtiles) character file.

780330 Charly the Sensei (level 27, -4/158 HPs)
             Began as a Vine Stalker Monk on Aug 13, 2014.
             Was a High Priest of Cheibriados.
             Slain by Lom Lobon (5 damage)
             ... in Pandemonium on Aug 14, 2014.
             The game lasted 10:22:51 (33044 turns).

Charly the Sensei (Vine Stalker Monk)              Turns: 33044, Time: 10:22:53

HP  -4/158       AC 28     Str 33      XL: 27
MP   0/40        EV 33     Int 24      God: Cheibriados [*****.]
Gold 6959        SH  0     Dex 38      Spells: 13 memorised,  5 levels left

rFire  + + .     SeeInvis +       - Unarmed
rCold  + + +     Clarity  .     r - +5 scale mail of the Pit {Str+2 Dex+4}
rNeg   . . .     rCorr    .     (no shield)
rPois  +         rRot     +     E - +2 helmet {SInv}
rElec  +         Spirit   +     x - +2 cloak
SustAb .         Warding  .     j - +2 pair of gloves "Omaisaes" {rElec rC+ SInv}
rMut   +         Stasis   .     y - +0 pair of boots
Gourm  .                        e - amulet of resist mutation
MR     +++++                    W - ring of Strocw {rPois rF++ rC+ MR++}
                                I - ring of Hysick {rC+ MR++ Int+2 Stlth--}

@: frozen, flying (expiring), repel missiles, very slow, almost entirely
resistant to hostile enchantments, extremely unstealthy
A: fangs 3, molten scales 1, breathe flames 1, regeneration 3, magic shield,
antimagic bite, no device heal 3, rot immunity
a: Bend Time, Temporal Distortion, Slouch, Step From Time, Renounce Religion,
Breathe Fire
}: 9/15 runes: barnacled, slimy, silver, golden, abyssal, demonic, glowing,
fiery, gossamer


You were in Pandemonium.
You worshipped Cheibriados.
Cheibriados was extremely pleased with you.
You were not hungry.

You visited 12 branches of the dungeon, and saw 59 of its levels.
You visited Pandemonium 1 time, and saw 22 of its levels.
You visited the Abyss 1 time.
You also visited: Trove, Ice Cave and Wizlab.

You collected 9563 gold pieces.
You spent 2604 gold pieces at shops.

Inventory:

Missiles
 U - a throwing net (quivered)
Armour
 j - the +2 pair of gloves "Omaisaes" (worn) {rElec rC+ SInv}
   (You acquired it in Pandemonium)

   It protects you from cold.
   It insulates you from electricity.
   It enhances your eyesight.
 q - the +4 pair of gloves of Focus {rC+ rN+}
   (You acquired it in Pandemonium)

   It protects you from cold.
   It protects you from negative energy.
 r - the +5 scale mail of the Pit (worn) {Str+2 Dex+4}
   (You found it in Pandemonium)

   It affects your strength (+2).
   It affects your dexterity (+4).
 t - the +9 fire dragon armour of the King {rF++ rC- Str+2 Int+4}
   (You found it on level 3 of the Elven Halls)

   It affects your strength (+2).
   It affects your intelligence (+4).
   It greatly protects you from fire.
   It makes you vulnerable to cold.
 x - a +2 cloak (worn)
 y - a +0 pair of boots (worn)
 E - a +2 helmet of see invisible (worn)
Magical devices
 k - a wand of teleportation (1)
 n - a wand of digging (15)
 T - a wand of teleportation (3)
Comestibles
 f - 2 meat rations
 A - 45 fruits
 V - 31 bread rations
Scrolls
 d - 8 scrolls of teleportation
 m - 9 scrolls of remove curse
 o - 4 scrolls of vulnerability
 F - 5 scrolls of enchant armour
 H - 4 scrolls of identify
 M - a scroll of fog
 P - 6 scrolls of recharging
 X - 8 scrolls of fear
 Y - 7 scrolls of summoning
Jewellery
 c - a cursed ring of sustain abilities
 e - an amulet of resist mutation (around neck)
 l - the ring of Robustness {AC+8}
   (You found it in a treasure trove)

   [ring of protection]

   It affects your AC (+8).
 w - an uncursed ring of teleport control
 G - an uncursed ring of regeneration
 I - the ring of Hysick (left hand) {rC+ MR++ Int+2 Stlth--}
   (You found it on level 4 of the Vaults)

   [ring of protection from cold]

   It affects your intelligence (+2).
   It protects you from cold.
   It affects your resistance to hostile enchantments.
   It makes you much less stealthy.
 K - an uncursed amulet of warding
 S - the ring of Megalomania {+/*Tele rN+ Dex+1 Slay+6}
   (You found it in a treasure trove)

   [ring of teleportation]

   It causes random teleportation, and can be evoked to teleport at will.
   It affects your dexterity (+1).
   It affects your accuracy and damage with ranged weapons and melee attacks
   (+6).
   It protects you from negative energy.
 W - the ring of Strocw (right hand) {rPois rF++ rC+ MR++}
   (You bought it in a shop on level 4 of the Orcish Mines)

   [ring of protection from cold]

   It greatly protects you from fire.
   It protects you from cold.
   It protects you from poison.
   It affects your resistance to hostile enchantments.
Potions
 g - 3 potions of agility
 h - 18 potions of curing
 i - 5 potions of brilliance
 p - 2 potions of restore abilities
 u - 2 potions of might
 z - 3 potions of resistance
 C - 3 potions of invisibility
 D - 3 potions of cancellation
 N - 5 potions of flight
Books
 v - a Grand Grimoire {highlevel}

   Spells                             Type                      Level
   *Aura of Abjuration                Summoning                    6
   Forceful Dismissal                 Summoning                    6
   Summon Greater Demon               Summoning                    7
   Malign Gateway                     Summoning/Translocation      7
   Summon Horrible Things             Summoning                    8
Magical staves
 a - an uncursed staff of energy
 b - an uncursed staff of wizardry
Miscellaneous
 B - the horn of Geryon


   Skills:
 + Level 20.7 Fighting
 + Level 14.8 Armour
 + Level 17.1 Dodging
 - Level 2.4 Stealth
 + Level 25.6 Unarmed Combat
 - Level 10.0 Spellcasting
 - Level 1.5 Charms
 - Level 10.0 Summonings
 - Level 7.5 Translocations
 - Level 11.5 Transmutations
 - Level 10.5 Earth Magic
   Level 5.5 Poison Magic
 - Level 11.0 Invocations


You had 5 spell levels left.
You knew the following spells:

 Your Spells              Type           Power        Failure   Level  Hunger
a - Apportation           Tloc           #####.....   1%          1    None
b - Blink                 Tloc           N/A          1%          2    None
c - Slow                  Hex            ##......     10%         2    None
d - Phase Shift           Tloc           #####.....   10%         5    ###....
g - Shroud of Golubria    Chrm/Tloc      ####......   1%          2    None
h - Blade Hands           Trmt           ######....   1%          5    ###....
p - Passwall              Trmt/Erth      ######....   1%          3    None
r - Repel Missiles        Chrm/Air       ###...       10%         2    None
s - Stoneskin             Trmt/Erth      ######..     1%          2    None
A - Aura of Abjuration    Summ           ######....   14%         6    ######.
B - Summon Butterflies    Summ           ######..     1%          1    None
P - Passage of Golubria   Tloc           N/A          2%          4    #......
S - Statue Form           Trmt/Erth      ######...    12%         6    ######.


Dungeon Overview and Level Annotations

Branches:
Dungeon (15/15)               Orc (4/4) D:12            Elf (3/3) Orc:3
   Lair (8/8) D:8          Shoals (5/5) Lair:4       Spider (5/5) Lair:4
  Slime (6/6) Lair:7       Vaults (5/5) D:13          Crypt (3/3) Vaults:2
   Tomb (3/3) Crypt:3      Depths (1/5) D:15           Hell (1/1)
 Temple: D:4-7          Dis: Hell:1         Geh: Hell:1         Coc: Hell:1
    Tar: Hell:1

Altars:
Cheibriados
Makhleb
Qazlal
Vehumet
Yredelemnul

Shops:
D:13 [   Orc:1 }   Orc:3 *   Orc:4 [[[=   Vaults:1 (   Vaults:3 [

Portals:
Hell: Lair:8 Depths:1
Abyss: Depths:1
Pandemonium: Depths:1

Annotations:
Pan exclusion: lightning spire, Lom Lobon


Innate Abilities, Weirdness & Mutations

You have razor-sharp teeth.
You regenerate.
When hurt, damage is shared between your health and your magic reserves.
Your bite disrupts and absorbs the magic of your enemies.
Potions and wands cannot restore your health.
You are immune to rotting.
You are partially covered in molten scales (AC +1).
You can breathe flames.


Message History

Confirm with . or Enter, or press ? or * to list all spells.
You blink.
You are engulfed in raging winds.
* * * LOW HITPOINT WARNING * * *
Lom Lobon gestures at you.
Lom Lobon conjures a mighty blast of ice!
The great icy blast engulfs you! You partially resist.
* * * LOW HITPOINT WARNING * * *
Drink which item? (? for menu, Esc to quit)
Okay, then.
Read which item? (? for menu, Esc to quit)
Okay, then.
Use which ability? (? or * to list)
Okay, then.
Casting: Blink
Confirm with . or Enter, or press ? or * to list all spells.
You blink.
You are engulfed in freezing vapours.
You resist.
* * * LOW HITPOINT WARNING * * *
The winds around Lom Lobon start to calm down.
Lom Lobon hits you.
You die...

##...###### ###..§§*..### #.
....≈≈≈≈###* ###§..### #.
..≈≈≈≈≈≈≈≈≈### ##...## #.
.≈≈≈≈≈≈≈≈≈§≈≈## ##≈..### #.
≈≈≈≈≈≈≈≈≈≈§§§§# ##≈≈≈...## #.
≈≈≈≈≈≈..≈§§§§§## ##≈≈≈≈≈...# #.
≈≈≈≈≈....§§§§§§# ###§≈≈≈≈....# #.
≈≈≈≈≈≈..§§§§§§§###§§§§≈≈.....# #.
≈≈≈≈≈≈≈≈§§§§§§§&@§§§§§§≈.....#*#.
.≈≈≈≈≈≈≈§§§§§§§§§§§§§§§......#≈#.
..≈≈≈≈≈≈≈§§§§§###§§§§§≈≈≈...##≈#.
...).≈≈≈≈§§§§#####§§§§≈≈≈≈.##*≈#.
##...)....§###≈≈≈####≈≈≈≈###*≈≈#.
≈####....###≈≈≈≈≈≈≈≈######**≈≈≈#.
≈≈≈≈######≈≈≈≈≈≈≈≈≈≈≈≈****≈≈≈≈≈#.
≈≈≈≈≈≈≈≈≈≈≈≈≈≈≈...≈≈≈≈≈≈≈ ≈≈≈≈ #.
≈≈≈≈≈≈≈≈≈≈≈≈≈........≈≈≈≈≈≈≈≈≈≈#.


You could see Lom Lobon.

Vanquished Creatures
  Cerebov (Pan)
  the royal jelly (Slime:6)
  Mnoleg (Pan)
  2 ancient liches
  Khufu (Tomb:1)
  33 greater mummies
  Saint Roka (Vaults:1)
  A seraph (Pan)
  Sojobo (Vaults:4)
  4 pandemonium lords (Pan)
  Mennas (Tomb:1)
  Geryon (Hell)
  4 tentacled monstrosities
  Jory (Vaults:5)
  A bone dragon (Crypt:3)
  2 Brimstone Fiends (Pan)
  Xtahua (Vaults:3)
  2 Hell Sentinels (Pan)
  7 liches
  3 Ice Fiends (Pan)
  Murray (Hell)
  2 deep elf master archers (Elf:3)
  18 acid blobs
  2 deep elf blademasters (Elf:3)
  A Shadow Fiend (Pan)
  A storm dragon (Pan)
  4 Executioners (Pan)
  8 titans
  An octopode crusher (Abyss:4)
  10 sphinxes
  A shadow dragon (Vaults:5)
  Rupert (Spider:5)
  16 daevas (Pan)
  2 tentacled starspawn (Abyss:1)
  3 ancient champions
  6 tengu reavers
  A revenant (Tomb:3)
  7 azure jellies (Slime:6)
  Ilsuiw (Shoals:3)
  Donald (Vaults:1)
  7 fire giants
  4 ghost moths (Spider:5)
  6 frost giants
  3 deep elf sorcerers
  15 balrugs
  7 cacodemons (Pan)
  15 vault wardens
  A draconian zealot (Abyss:4)
  21 angels (Pan)
  3 warmongers (Pan)
  4 blood saints (Pan)
  6 emperor scorpions
  A ghoul (Crypt:3)
  12 reapers
  8 deep elf demonologists
  3 draconian annihilators (Pan)
  13 ophanim (Pan)
  6 stone giants (Vaults:5)
  7 very ugly things
  A curse skull (Crypt:1)
  9 deep elf annihilators
  5 war gargoyles
  A pale draconian (Abyss:4)
  A salamander firebrand (Hell)
  3 vampire knights
  4 apis (Pan)
  3 black suns (Pan)
  3 dire elephants
  6 chaos champions (Pan)
  A white draconian (IceCv)
  2 unborn
  11 green deaths
  4 death oozes (Slime:6)
  6 ettins
  4 merfolk javelineers
  8 deep elf death magi
  31 mummy priests
  5 merfolk impalers
  5 blizzard demons (Pan)
  32 vault guards
  An eidolon (Crypt:3)
  3 crystal guardians (Crypt:3)
  A spectral quicksilver dragon (Crypt:1)
  2 fire dragons
  5 great orbs of eyes
  7 jiangshi
  16 ironheart preservers
  Fannar (Lair:3)
  6 rakshasas
  A deep elf high priest (Elf:3)
  A quicksilver dragon skeleton (Tomb:1)
  20 yaktaur captains
  An ice dragon (Vaults:1)
  15 ogre magi
  4 hydras
  A ghost crab (Crypt:1)
  4 monstrous demonspawn (Pan)
  2 deep troll earth magi
  3 sirens
  Erica (D:10)
  A spectral stone giant (Crypt:1)
  3 merfolk aquamancers (Shoals:5)
  6 dancing weapons
  A vampire mage (Depths:1)
  A thrashing horror (Abyss:4)
  An alligator snapping turtle (Shoals:5)
  8 centaur warriors
  6 deep troll shamans
  8 death yaks
  A hell hog (Abyss:4)
  Urug (D:10)
  19 sun demons
  Nergalle (Lair:8)
  A titan skeleton (Tomb:1)
  An iron golem (WizLab)
  A shadow wraith (Vaults:5)
  An ice devil (Hell)
  2 iron trolls (Depths:1)
  11 soul eaters
  5 wretched stars
  A fire crab (shapeshifter) (D:15)
  6 deep elf knights
  2 spatial maelstroms (Abyss:4)
  A quicksilver dragon simulacrum (Abyss:4)
  A death drake (shapeshifter) (WizLab)
  2 fire crabs
  6 hell knights (Crypt:3)
  13 orb spiders
  6 sea snakes
  A death drake (Abyss:1)
  2 unseen horrors
  A deep troll (shapeshifter) (WizLab)
  Erolcha (D:9)
  3 ball lightnings (Pan)
  4 orb spiders (shapeshifter)
  5 shadow demons (Pan)
  28 skeletal warriors
  3 hill giants
  2 flayed ghosts
  13 cherubim (Pan)
  13 deep trolls
  3 hellions
  5 gelid demonspawn (Pan)
  An ice statue (IceCv)
  4 giant orange brains
  27 large abominations
  2 putrid demonspawn (Pan)
  10 deep elf summoners
  15 ironbrand convokers
  A shadow dragon zombie (Crypt:3)
  26 starcursed masses (Abyss:4)
  3 harpies
  An anaconda skeleton (Tomb:1)
  5 torturous demonspawn (Pan)
  6 wizards
  A lindwurm (shapeshifter) (Vaults:5)
  2 harpies (shapeshifter)
  6 deep elf conjurers
  6 infernal demonspawn (Pan)
  An iron dragon zombie (Crypt:3)
  3 orc sorcerers
  A stone giant zombie (Crypt:3)
  18 wolf spiders
  A fire giant zombie (Crypt:3)
  6 griffons
  11 orc knights
  4 frost giant zombies
  7 phantasmal warriors
  A statue (Abyss:4)
  3 water nymphs
  26 ugly things
  3 human zombies
  A draconian (shapeshifter) (WizLab)
  7 manticores
  8 red wasps
  6 shining eyes
  A salamander (shapeshifter) (WizLab)
  8 cyclopes
  A red wasp (shapeshifter) (WizLab)
  A hell beast (Pan)
  A mermaid (shapeshifter) (WizLab)
  3 elephants (Lair:7)
  4 moths of wrath
  A sphinx skeleton (Vaults:2)
  8 vault sentinels
  10 mermaids
  4 worldbinders
  A black mamba (shapeshifter) (Vaults:5)
  8 necromancers
  A drowned soul (Shoals:1)
  A stone giant skeleton (Crypt:3)
  Maurice (Orc:4)
  An apocalypse crab (Abyss:1)
  17 smoke demons
  An eye of devastation (shapeshifter) (WizLab)
  A komodo dragon (shapeshifter) (WizLab)
  An eye of devastation (Pan)
  A torpor snail (Lair:8)
  A queen ant (Lair:8)
  16 sixfirhies
  2 tormentors (Pan)
  26 orange demons
  5 gargoyles
  2 spiny frogs (shapeshifter) (WizLab)
  A kobold demonologist (Vaults:1)
  10 iron devils
  5 black mambas
  5 demonic crawlers
  7 spiny frogs
  An anaconda simulacrum (Crypt:1)
  2 elves (shapeshifter)
  2 komodo dragons
  18 hellwings
  A tengu conjurer (D:15)
  7 efreet
  An alligator snapping turtle skeleton (Crypt:2)
  A queen bee (D:11)
  2 yaktaurs (shapeshifter) (WizLab)
  13 red devils
  18 deep elf priests
  2 harpy zombies
  8 blue devils
  4 ancient zymes
  A fire drake (shapeshifter) (WizLab)
  A fire drake (Lair:8)
  52 yaktaurs
  109 guardian mummies
  9 trolls
  18 two-headed ogres
  13 merfolk
  2 silent spectres (Crypt:2)
  15 polar bears (IceCv)
  An iron troll skeleton (Crypt:2)
  A baby alligator (shapeshifter) (WizLab)
  A wind drake (Shoals:2)
  6 boulder beetles
  A merfolk (shapeshifter) (Vaults:5)
  26 blink frogs
  12 freezing wraiths
  13 jumping spiders
  3 blink frogs (shapeshifter)
  A wolf spider simulacrum (Crypt:1)
  12 raiju
  A trapdoor spider zombie (D:11)
  2 basilisks (shapeshifter)
  A hydra skeleton (Crypt:1)
  2 raiju (shapeshifter)
  54 flying skulls
  37 redbacks
  7 snapping turtles
  2 water elementals
  A snapping turtle (shapeshifter) (Vaults:5)
  37 slime creatures
  15 tarantellas
  6 basilisks
  A wyvern (D:11)
  A trapdoor spider (shapeshifter) (WizLab)
  A frost giant simulacrum (Abyss:1)
  18 ynoxinuls
  2 air elementals (Vaults:4)
  2 black mamba zombies
  9 wraiths
  57 yaks
  A vampire (Vaults:2)
  An ettin skeleton (Vaults:2)
  A spriggan (Lair:6)
  7 trapdoor spiders
  An alligator skeleton (Crypt:1)
  A yak (shapeshifter) (WizLab)
  16 shadows
  8 deep elf magi
  A tarantella (shapeshifter) (WizLab)
  A hill giant zombie (D:11)
  19 neqoxecs
  16 deep elf fighters
  5 chaos spawn
  5 hungry ghosts
  Grum (Orc:4)
  A human (D:13)
  14 vampire mosquitoes
  2 hippogriffs (shapeshifter) (WizLab)
  2 mottled dragons
  21 wolves
  A steam dragon (D:14)
  5 wargs
  A soldier ant (shapeshifter) (WizLab)
  8 hell hounds
  6 spatial vortices
  A golden eye (shapeshifter) (WizLab)
  8 hippogriffs
  16 water moccasins
  20 soldier ants (Lair:8)
  13 small abominations
  A mottled dragon (shapeshifter) (WizLab)
  8 porcupines
  An ice beast (shapeshifter) (WizLab)
  6 necrophages
  3 sky beasts
  A human simulacrum (Vaults:1)
  A yellow wasp (Spider:5)
  A snapping turtle zombie (Crypt:3)
  A black bear (Lair:1)
  18 spiders
  4 boggarts (Vaults:1)
  2 manticore skeletons (D:13)
  51 orc warriors
  A boring beetle (Spider:3)
  30 ogres
  2 ogres (shapeshifter)
  28 centaurs
  A blink frog skeleton (Crypt:2)
  2 snapping turtle skeletons
  10 crocodiles
  19 big kobolds
  A brain worm (D:15)
  A lost soul (Elf:3)
  14 giant frogs
  2 glowing shapeshifter simulacra
  A giant frog (shapeshifter) (Vaults:3)
  2 human skeletons
  An insubstantial wisp (Abyss:1)
  2 eyes of draining (shapeshifter) (WizLab)
  A cyclops skeleton (Crypt:2)
  10 eyes of draining
  A snapping turtle simulacrum (Abyss:4)
  5 scorpions
  25 killer bees
  An elf zombie (D:14)
  6 hounds
  11 wights
  An electric eel (Lair:8)
  13 crimson imps
  6 iguanas
  3 quasits
  A basilisk zombie (D:12)
  A giant frog skeleton (D:12)
  25 jellies
  20 orc priests
  41 orc wizards
  4 orange rats
  3 iron imps
  29 worker ants
  A big kobold skeleton (D:9)
  21 sheep
  A naga skeleton (Crypt:2)
  50 mummies
  A hound skeleton (D:6)
  A gnoll (D:1)
  A scorpion zombie (Crypt:1)
  15 adders
  33 green rats
  A giant mite (D:11)
  3 shadow imps
  13 white imps
  19 ufetubi
  5 giant eyeballs
  3 giant geckos
  An ooze (D:6)
  173 orcs
  14 bats
  A bat skeleton (D:4)
  11 goblins
  12 hobgoblins
  7 jackals
  13 kobolds
  8 quokkas
  A giant cockroach (D:6)
  A giant newt (D:5)
  2 giant spores
  A kobold skeleton (D:4)
  3 orc skeletons
  An orc zombie (Crypt:3)
  14 rats
  3 ballistomycetes
  4 butterflies (Abyss:4)
  6 crawling corpses
  A fungus (Lair:8)
  4 grand avatars (Pan)
  A starspawn tentacle (Abyss:1)
2826 creatures vanquished.

Vanquished Creatures (collateral kills)
  2 yaktaurs (Vaults:3)
  2 rats (D:8)
4 creatures vanquished.

Vanquished Creatures (others)
  A tentacled monstrosity (Vaults:5)
  A green death (Pan)
  An unseen horror (Vaults:1)
  5 ball lightnings (Pan)
  3 drowned souls
  3 smoke demons (Pan)
  An efreet (Pan)
  4 hellwings (Pan)
  An orange demon (Pan)
  A hydra zombie (Tomb:3)
  A freezing wraith (Vaults:3)
  A fire vortex (Pan)
  An alligator skeleton (Tomb:2)
  12 lost souls
  A mummy (Tomb:1)
  A green rat (Lair:7)
  An ufetubus (Pan)
  A giant eyeball (Pan)
  3 orcs
  A kobold (D:7)
  A giant spore (D:14)
  An orc skeleton (Tomb:2)
  A block of ice (Pan)
  4 butterflies (Vaults:3)
  2 fungi (D:8)
  6 starspawn tentacles
  4 starspawn tentacle segments
63 creatures vanquished.

Grand Total: 2893 creatures vanquished

Notes
Turn   | Place    | Note
--------------------------------------------------------------
     0 | D:1      | Charly, the Vine Stalker Monk, began the quest for the Orb.
     0 | D:1      | Reached XP level 1. HP: 11/11 MP: 1/1
    45 | D:1      | Reached XP level 2. HP: 16/16 MP: 3/3
   146 | D:3      | Reached XP level 3. HP: 19/19 MP: 4/4
   153 | D:3      | Reached skill level 5 in Unarmed Combat
   249 | D:4      | Noticed an ogre
   347 | D:4      | Reached XP level 4. HP: 12/23 MP: 2/5
   428 | D:4      | Reached skill level 6 in Unarmed Combat
   444 | D:4      | Noticed a scorpion
   462 | D:4      | Killed a scorpion
   462 | D:4      | Reached XP level 5. HP: 27/27 MP: 7/7
   593 | D:5      | Entered Level 5 of the Dungeon
   596 | D:5      | Found a snail-covered altar of Cheibriados.
   602 | D:5      | Found a radiant altar of Vehumet.
   605 | D:5      | Became a worshipper of Cheibriados the Contemplative
   654 | D:6      | Noticed a sky beast
   680 | D:6      | Reached skill level 7 in Unarmed Combat
   702 | D:6      | Gained mutation: You heal very quickly. [vine stalker growth]
   702 | D:6      | Reached XP level 6. HP: 22/32 MP: 8/8
   727 | D:6      | Killed a sky beast
   839 | D:6      | Identified a +1 rod of shadows (13/13) (You found it on level 6 of the Dungeon)
   950 | D:7      | Reached XP level 7. HP: 20/35 MP: 4/9
   973 | D:6      | Acquired Cheibriados' first power
  1168 | D:8      | Noticed a hippogriff
  1174 | D:8      | Killed a hippogriff
  1174 | D:8      | Reached skill level 8 in Unarmed Combat
  1204 | D:8      | Reached skill level 1 in Invocations
  1210 | D:8      | Noticed a yak
  1211 | D:8      | Noticed a yak
  1220 | D:8      | Killed a yak
  1220 | D:8      | Gained mutation: You have razor-sharp teeth. [vine stalker growth]
  1220 | D:8      | Reached XP level 8. HP: 24/39 MP: 7/13
  1237 | D:8      | Killed a yak
  1295 | D:8      | Found a staircase to the Lair.
  1295 | D:8      | Noticed a deep elf fighter
  1299 | D:8      | Killed a deep elf fighter
  1299 | D:8      | Reached skill level 5 in Dodging
  1341 | D:9      | Found a stormy altar of Qazlal.
  1359 | D:9      | Acquired Cheibriados' second power
  1390 | D:9      | Noticed Erolcha
  1438 | D:9      | Reached skill level 9 in Unarmed Combat
  1756 | D:9      | Reached XP level 9. HP: 43/43 MP: 18/18
  1896 | D:9      | Acquired Cheibriados' third power
  1968 | D:8      | Noticed a water moccasin
  1975 | D:8      | Killed a water moccasin
  2097 | Lair:1   | Entered Level 1 of the Lair of Beasts
  2135 | Lair:1   | Noticed a spiny frog
  2189 | Lair:1   | Reached skill level 5 in Invocations
  2197 | Lair:1   | Noticed a komodo dragon
  2209 | Lair:1   | Killed a komodo dragon
  2209 | Lair:1   | Reached skill level 10 in Unarmed Combat
  2231 | Lair:1   | Noticed a black mamba
  2233 | Lair:1   | Killed a black mamba
  2373 | Lair:2   | Reached XP level 10. HP: 47/47 MP: 21/21
  2531 | Lair:2   | Reached skill level 11 in Unarmed Combat
  2917 | Lair:3   | Noticed a black mamba
  2928 | Lair:3   | Killed a black mamba
  3080 | Lair:3   | Noticed Fannar
  3095 | Lair:3   | Killed Fannar
  3095 | Lair:3   | Reached XP level 11. HP: 39/51 MP: 20/24
  3320 | Lair:4   | Learned a level 2 spell: Cure Poison
  3346 | Lair:4   | Noticed a death yak
  3346 | Lair:4   | Noticed a death yak
  3348 | Lair:4   | Noticed a death yak
  3350 | Lair:4   | Noticed a death yak
  3359 | Lair:4   | Killed a death yak
  3378 | Lair:4   | Killed a death yak
  3378 | Lair:4   | Reached skill level 12 in Unarmed Combat
  3445 | Lair:4   | Found a staircase to the Shoals.
  3524 | Lair:4   | Killed a death yak
  3524 | Lair:4   | Reached skill level 5 in Fighting
  3528 | Lair:4   | Killed a death yak
  3722 | Lair:4   | Found a hole to the Spider Nest.
  3764 | Lair:5   | Gained mutation: You regenerate. [vine stalker growth]
  3764 | Lair:5   | Reached XP level 12. HP: 53/60 MP: 19/25
  4068 | Lair:8   | Entered Level 8 of the Lair of Beasts
  4097 | Lair:8   | Reached skill level 10 in Dodging
  4105 | Lair:8   | Reached skill level 13 in Unarmed Combat
  4242 | Lair:8   | Noticed a four-headed hydra
  4252 | Lair:8   | Killed a four-headed hydra
  4293 | Lair:8   | Noticed an eight-headed hydra
  4302 | Lair:8   | Killed an eight-headed hydra
  4302 | Lair:8   | Reached XP level 13. HP: 36/68 MP: 8/26
  4496 | Lair:8   | Noticed a dire elephant
  4588 | Lair:8   | Killed a dire elephant
  4630 | Lair:8   | Noticed a dire elephant
  4636 | Lair:8   | Killed a dire elephant
  4636 | Lair:8   | Reached skill level 14 in Unarmed Combat
  4674 | Lair:8   | Found a burning altar of Makhleb.
  4734 | Lair:8   | Found a gateway to Hell.
  5013 | Lair:1   | Noticed a four-headed hydra
  5025 | Lair:1   | Killed a four-headed hydra
  5222 | D:10     | Entered Level 10 of the Dungeon
  5364 | D:10     | Noticed Erica
  5371 | D:10     | Killed Erica
  5534 | D:10     | Noticed Urug
  5541 | D:10     | Killed Urug
  5926 | D:11     | Reached XP level 14. HP: 76/76 MP: 27/27
  6319 | D:11     | Reached skill level 10 in Fighting
  6401 | D:12     | Reached skill level 15 in Unarmed Combat
  6548 | D:12     | Found a portal to a secret trove of treasure.
  6804 | D:12     | Learned a level 1 spell: Sting
  6898 | D:12     | Found a staircase to the Orcish Mines.
  6918 | D:12     | Learned a level 3 spell: Conjure Flame
  6922 | Orc:1    | Entered Level 1 of the Orcish Mines
  7109 | Orc:3    | Found Puxtidim's Assorted Antiques.
  7109 | Orc:3    | Found a frozen archway.
  7113 | Orc:3    | Found a staircase to the Elven Halls.
  7140 | IceCv    | Entered an ice cave
  7674 | Orc:4    | Entered Level 4 of the Orcish Mines
  7674 | Orc:4    | Noticed Maurice
  7683 | Orc:4    | Killed Maurice
  7883 | Orc:4    | Noticed Grum
  7885 | Orc:4    | Killed Grum
  8022 | Orc:4    | Found a labyrinth entrance.
  8111 | Orc:4    | Found Vengunno's Antique Armour Emporium.
  8111 | Orc:4    | Found Jefeck's Antique Armour Boutique.
  8114 | Orc:4    | Found Piovep's Antique Armour Shop.
  8118 | Orc:4    | Found Owimewk's Jewellery Shoppe.
  8122 | Orc:4    | Bought the ring of Strocw {rPois rF++ rC+ MR++} for 931 gold pieces
  8133 | Orc:4    | Bought a transparent chain mail for 323 gold pieces
  8135 | Orc:4    | Bought a faintly glowing scale mail for 252 gold pieces
  8137 | Orc:4    | Bought a shiny helmet for 108 gold pieces
  8140 | Orc:4    | Bought a runed helmet for 153 gold pieces
  8156 | Orc:4    | Identified the cursed -4 chain mail "Taeklam" {Str+4 Int+2} (You bought it in a shop on level 4 of the Orcish Mines)
  8189 | Orc:4    | Identified the +8 scale mail of Tole {Stlth---} (You bought it in a shop on level 4 of the Orcish Mines)
  8394 | Orc:4    | Reached skill level 1 in Armour
  8602 | Orc:4    | Bought an uncursed amulet of clarity for 300 gold pieces
  8707 | Orc:1    | Found Kapsamn's Gadget Shop.
  8883 | D:9      | Killed Erolcha
  8883 | D:9      | Reached XP level 15. HP: 83/83 MP: 28/28
  9057 | Spider:1 | Entered Level 1 of the Spider Nest
  9143 | Spider:2 | Reached skill level 1 in Poison Magic
  9381 | Spider:4 | Reached skill level 16 in Unarmed Combat
  9403 | Spider:5 | Entered Level 5 of the Spider Nest
  9535 | Spider:5 | Reached skill level 5 in Armour
  9716 | Spider:5 | Noticed Rupert
  9730 | Spider:5 | Killed Rupert
  9874 | Spider:5 | Reached XP level 16. HP: 27/87 MP: 1/30
  9917 | Spider:5 | Got a gossamer rune of Zot
 10001 | Spider:5 | Identified a scroll of acquirement
 10627 | D:13     | Learned a level 1 spell: Summon Butterflies
 10644 | D:13     | Found Cusauv's Antique Armour Boutique.
 10652 | D:13     | Bought a pair of embroidered gloves for 153 gold pieces
 10659 | D:13     | Bought a pair of embroidered gloves for 153 gold pieces
 10864 | D:13     | Found a gate to the Vaults.
 10872 | D:13     | Reached skill level 10 in Invocations
 10880 | Vaults:1 | Entered Level 1 of the Vaults
 10942 | Vaults:1 | Found a magical portal.
 10959 | WizLab   | Entered Cigotuvi's Fleshworks
 11067 | WizLab   | Reached skill level 17 in Unarmed Combat
 11149 | WizLab   | Identified Cigotuvi's Catalogue of Ashen Transformation
 11151 | WizLab   | Identified Cigotuvi's Handbook of Dusty Transmigration
 11162 | WizLab   | Noticed Cigotuvi's Monster
 11173 | WizLab   | Killed Cigotuvi's Monster
 11372 | WizLab   | Paralysed by a giant eyeball for 4 turns
 11382 | WizLab   | Paralysed by a giant eyeball for 4 turns
 11392 | WizLab   | Paralysed by a giant eyeball for 2 turns
 11394 | WizLab   | Paralysed by a giant eyeball for 3 turns
 11409 | WizLab   | Paralysed by a giant eyeball for 4 turns
 11418 | WizLab   | Reached XP level 17. HP: 60/91 MP: 32/32
 11431 | WizLab   | Paralysed by a giant eyeball for 3 turns
 11455 | WizLab   | Reached skill level 10 in Armour
 11612 | Vaults:1 | Learned a level 5 spell: Blade Hands
 11615 | Vaults:1 | Learned a level 2 spell: Stoneskin
 11623 | Vaults:1 | Noticed Saint Roka
 11645 | Vaults:1 | Killed Saint Roka
 11687 | Vaults:1 | Found Osedylasm's Weapon Shop.
 11875 | Vaults:1 | Gained mutation: You have a pair of small horns on your head. [potion of mutation]
 11875 | Vaults:1 | Gained mutation: You are robust (+10% HP). [potion of mutation]
 11875 | Vaults:1 | Gained mutation: Your muscles are strong. (Str +2) [potion of mutation]
 11876 | Vaults:1 | Lost mutation: Your muscles are strong. (Str +2) [potion of mutation]
 11876 | Vaults:1 | Gained mutation: You are weak. (Str -2) [potion of mutation]
 11876 | Vaults:1 | Gained mutation: You tend to lose your temper in combat. [potion of mutation]
 11877 | Vaults:1 | Gained mutation: You are clumsy. (Dex -2) [potion of mutation]
 11877 | Vaults:1 | Lost mutation: You are robust (+10% HP). [potion of mutation]
 11878 | Vaults:1 | Gained mutation: Your spells are a little easier to cast, but a little less powerful. [potion of mutation]
 11878 | Vaults:1 | Gained mutation: Armour fits poorly on your strangely shaped body. [potion of mutation]
 11879 | Vaults:1 | Lost mutation: Armour fits poorly on your strangely shaped body. [potion of cure mutation]
 11879 | Vaults:1 | Lost mutation: Your spells are a little easier to cast, but a little less powerful. [potion of cure mutation]
 11879 | Vaults:1 | Lost mutation: You tend to lose your temper in combat. [potion of cure mutation]
 11879 | Vaults:1 | Lost mutation: You are weak. (Str -2) [potion of cure mutation]
 11880 | Vaults:1 | Gained mutation: Your system is resistant to poisons. [potion of mutation]
 11881 | Vaults:1 | Lost mutation: You have a pair of small horns on your head. [potion of mutation]
 11881 | Vaults:1 | Gained mutation: You possess an exceptional clarity of mind. [potion of mutation]
 11881 | Vaults:1 | Gained mutation: You can spit poison. [potion of mutation]
 11882 | Vaults:1 | Lost mutation: You are clumsy. (Dex -2) [potion of mutation]
 11882 | Vaults:1 | Gained mutation: Your body is slowly deteriorating. [potion of mutation]
 11883 | Vaults:1 | Gained mutation: You are weak. (Str -2) [potion of mutation]
 11883 | Vaults:1 | Gained mutation: Armour fits poorly on your strangely shaped body. [potion of mutation]
 11883 | Vaults:1 | Lost mutation: You possess an exceptional clarity of mind. [potion of mutation]
 11884 | Vaults:1 | Lost mutation: You are weak. (Str -2) [potion of cure mutation]
 11884 | Vaults:1 | Lost mutation: Armour fits poorly on your strangely shaped body. [potion of cure mutation]
 11884 | Vaults:1 | Lost mutation: Your body is slowly deteriorating. [potion of cure mutation]
 11884 | Vaults:1 | Lost mutation: You can spit poison. [potion of cure mutation]
 11884 | Vaults:1 | Lost mutation: Your system is resistant to poisons. [potion of cure mutation]
 11885 | Vaults:1 | Gained mutation: Your magical capacity is low (-10% MP). [potion of mutation]
 11885 | Vaults:1 | Gained mutation: You tend to lose your temper in combat. [potion of mutation]
 11885 | Vaults:1 | Gained mutation: You are clumsy. (Dex -2) [potion of mutation]
 11886 | Vaults:1 | Lost mutation: You are clumsy. (Dex -2) [potion of cure mutation]
 11886 | Vaults:1 | Lost mutation: Your magical capacity is low (-10% MP). [potion of cure mutation]
 11886 | Vaults:1 | Lost mutation: You tend to lose your temper in combat. [potion of cure mutation]
 11887 | Vaults:1 | Gained mutation: You can breathe flames. [potion of mutation]
 11887 | Vaults:1 | Gained mutation: You are partially covered in slimy green scales (AC +2). [potion of mutation]
 11887 | Vaults:1 | Gained mutation: Your spells are a little harder to cast, but a little more powerful. [potion of mutation]
 12098 | Vaults:1 | Noticed Donald
 12111 | Vaults:1 | Killed Donald
 12123 | Vaults:1 | Reached skill level 5 in Transmutations
 12153 | Vaults:1 | Gained mutation: You are partially covered in molten scales (AC +1). [potion of beneficial mutation]
 12154 | Vaults:1 | Gained mutation: You are robust (+10% HP). [potion of beneficial mutation]
 12155 | Vaults:1 | Gained mutation: You have a pair of small antennae on your head. [potion of beneficial mutation]
 12713 | Vaults:2 | Reached XP level 18. HP: 90/105 MP: 32/32
 12715 | Vaults:2 | Reached skill level 1 in Spellcasting
 13000 | Vaults:2 | Learned a level 4 spell: Alistair's Intoxication
 13103 | Vaults:2 | Reached skill level 18 in Unarmed Combat
 13386 | Vaults:2 | Found a staircase to the Crypt.
 13680 | Vaults:3 | Learned a level 6 spell: Statue Form
 13755 | Vaults:3 | Found Meoxtiat's Armour Shop.
 13909 | Vaults:3 | Noticed Xtahua
 13920 | Vaults:3 | Killed Xtahua
 13920 | Vaults:3 | Reached skill level 10 in Transmutations
 13927 | Vaults:3 | HP: 5/105 [yaktaur/ bolt (13)]
 13928 | Vaults:3 | Reached skill level 5 in Spellcasting
 13966 | Vaults:3 | Reached XP level 19. HP: 35/110 MP: 33/33
 14023 | Vaults:3 | Learned a level 3 spell: Passwall
 14250 | Vaults:3 | Noticed an ancient lich
 14261 | Vaults:3 | Killed an ancient lich
 14268 | Vaults:3 | HP: 4/110 [something/bolt of poison (2)]
 14554 | Vaults:3 | Identified a +2 rod of inaccuracy (11/11) (You found it on level 3 of the Vaults)
 14695 | Vaults:4 | Noticed Sojobo
 14700 | Vaults:4 | Reached skill level 1 in Earth Magic
 14713 | Vaults:4 | Killed Sojobo
 15102 | Vaults:4 | Got a crude pewter ring
 15104 | Vaults:4 | Identified the ring of Hysick {rC+ MR++ Int+2 Stlth--} (You found it on level 4 of the Vaults)
 15203 | Vaults:4 | Reached skill level 19 in Unarmed Combat
 15217 | Vaults:4 | Got an iridescent shortbow
 15232 | Vaults:4 | Identified the +8 shortbow of Ghipp {velocity, Str+2} (You found it on level 4 of the Vaults)
 15320 | Vaults:4 | Reached XP level 20. HP: 110/115 MP: 34/34
 15339 | Vaults:4 | Reached skill level 5 in Earth Magic
 15583 | Vaults:5 | Entered Level 5 of the Vaults
 15588 | Vaults:5 | Reached skill level 5 in Poison Magic
 15595 | Vaults:5 | Noticed Jory
 15672 | Vaults:5 | Killed Jory
 16028 | Vaults:5 | Got an ichor-stained ice dragon armour
 16076 | Vaults:5 | Identified the +0 ice dragon armour of Osebopir {rF- rC++ Dex+2 Int-3} (You found it on level 5 of the Vaults)
 16183 | Vaults:5 | Reached XP level 21. HP: 38/123 MP: 18/34
 16202 | Vaults:5 | Learned a level 1 spell: Apportation
 16205 | Vaults:5 | Learned a level 2 spell: Blink
 16208 | Vaults:5 | Learned a level 2 spell: Shroud of Golubria
 16213 | Vaults:5 | Learned a level 4 spell: Passage of Golubria
 16270 | Vaults:5 | Reached skill level 1 in Translocations
 16365 | Vaults:5 | Got a silver rune of Zot
 16625 | Vaults:5 | Reached skill level 20 in Unarmed Combat
 16901 | Vaults:5 | Upgraded the game from 0.16-a0-129-gbf5829b to 0.16-a0-139-gc9fe9b1
 17174 | Orc:3    | Bought a potion of might for 55 gold pieces
 17174 | Orc:3    | Bought a scroll of teleportation for 66 gold pieces
 17174 | Orc:3    | Bought a glowing moonstone ring for 110 gold pieces
 17180 | Elf:1    | Entered Level 1 of the Elven Halls
 17346 | Elf:3    | Entered Level 3 of the Elven Halls
 17578 | Elf:3    | Reached skill level 5 in Translocations
 17586 | Elf:3    | Reached skill level 10 in Earth Magic
 17676 | Elf:3    | Reached skill level 1 in Charms
 17780 | Elf:3    | Got a polished leather armour
 17812 | Elf:3    | Got a brightly glowing fire dragon armour
 17821 | Elf:3    | Identified a +2 rod of inaccuracy (10/10) (You found it on level 3 of the Elven Halls)
 17822 | Elf:3    | Identified the +9 fire dragon armour of the King {rF++ rC- Str+2 Int+4} (You found it on level 3 of the Elven Halls)
 17833 | Elf:3    | Got an encrusted scale mail
 17834 | Elf:3    | Identified the cursed +6 scale mail "Brodyem" {+Rage rElec MR++} (You found it on level 3 of the Elven Halls)
 17841 | Elf:3    | Identified the Compendium of Quantum Attacks
 17869 | Elf:3    | Identified the cursed +2 leather armour of Chimes {rF+} (You found it on level 3 of the Elven Halls)
 17921 | Elf:3    | Reached XP level 22. HP: 118/130 MP: 25/35
 18459 | Shoals:1 | Entered Level 1 of the Shoals
 18544 | Shoals:3 | Noticed Ilsuiw
 18563 | Shoals:3 | Killed Ilsuiw
 18627 | Shoals:5 | Entered Level 5 of the Shoals
 18792 | Shoals:5 | Reached skill level 1 in Summonings
 18808 | Shoals:5 | Got a barnacled rune of Zot
 18994 | Shoals:4 | Learned a level 5 spell: Phase Shift
 19207 | Lair:8   | Noticed Nergalle
 19215 | Lair:8   | Killed Nergalle
 19283 | Lair:8   | Noticed a death yak
 19289 | Lair:8   | Noticed a death yak
 19289 | Lair:8   | Noticed a death yak
 19291 | Lair:8   | Noticed a death yak
 19291 | Lair:8   | Killed a death yak
 19293 | Lair:8   | Killed a death yak
 19298 | Lair:8   | Killed a death yak
 19299 | Lair:8   | Killed a death yak
 19576 | Lair:7   | Found a staircase to the Slime Pits.
 19594 | Slime:1  | Entered Level 1 of the Pits of Slime
 19746 | Slime:6  | Entered Level 6 of the Pits of Slime
 19788 | Slime:6  | Noticed the royal jelly
 19826 | Slime:6  | Killed the royal jelly
 19826 | Slime:6  | Reached skill level 21 in Unarmed Combat
 19826 | Slime:6  | Reached skill level 5 in Summonings
 19914 | Slime:6  | Got a transparent bone ring
 19916 | Slime:6  | Identified the ring "Beubb" {+/*Tele Stlth++} (You found it on level 6 of the Pits of Slime)
 19957 | Slime:6  | Got an ichor-stained helmet
 19959 | Slime:6  | Got a slimy rune of Zot
 19961 | Slime:6  | Got a slimy jade ring
 19974 | Slime:6  | Identified the cursed -4 helmet of Owareed {rF+} (You found it on level 6 of the Pits of Slime)
 19978 | Slime:6  | Identified the ring "Bruc" {rPois Dex+5 Stlth+} (You found it on level 6 of the Pits of Slime)
 20624 | Crypt:1  | Entered Level 1 of the Crypt
 20805 | Crypt:2  | Reached XP level 23. HP: 61/137 MP: 36/36
 20880 | Crypt:3  | Entered Level 3 of the Crypt
 21009 | Crypt:3  | Reached skill level 15 in Fighting
 21033 | Crypt:3  | Found a staircase to the Tomb.
 21290 | Crypt:3  | Found a basalt altar of Yredelemnul.
 21290 | Crypt:3  | Noticed an ancient lich
 21293 | Crypt:3  | Killed an ancient lich
 21337 | Crypt:3  | Identified the Grimoire of Hurtful Ignition
 21349 | Crypt:3  | Lost mutation: Your spells are a little harder to cast, but a little more powerful. [potion of mutation]
 21349 | Crypt:3  | Gained mutation: You are mostly covered in molten scales (AC +3, EV -1). [potion of mutation]
 21349 | Crypt:3  | Gained mutation: You are covered in fur (AC +1). [potion of mutation]
 21647 | Crypt:3  | Identified a +4 rod of clouds (9/9) (You found it on level 3 of the Crypt)
 21650 | Tomb:1   | Entered Level 1 of the Tomb of the Ancients
 21705 | Tomb:1   | Got a warped scale mail
 21706 | Tomb:1   | Identified the +0 scale mail of the Ward {rN+} (You found it on level 1 of the Tomb of the Ancients)
 21755 | Tomb:1   | Noticed Mennas
 21764 | Tomb:1   | Killed Mennas
 21826 | Tomb:1   | Noticed a greater mummy
 21954 | Tomb:1   | Noticed a greater mummy
 21956 | Tomb:1   | Noticed a greater mummy
 21956 | Tomb:1   | Noticed Khufu
 21961 | Tomb:1   | Killed a greater mummy
 21965 | Tomb:1   | Killed a greater mummy
 21972 | Tomb:1   | Killed Khufu
 21972 | Tomb:1   | Reached skill level 22 in Unarmed Combat
 22044 | Tomb:1   | Reached XP level 24. HP: 80/146 MP: 36/36
 22050 | Tomb:1   | Killed a greater mummy
 22072 | Tomb:1   | Noticed a greater mummy
 22074 | Tomb:1   | Killed a greater mummy
 22074 | Tomb:1   | Reached skill level 10 in Summonings
 22219 | Tomb:1   | Learned a level 6 spell: Aura of Abjuration
 22346 | Tomb:2   | Noticed a greater mummy
 22346 | Tomb:2   | Noticed a greater mummy
 22346 | Tomb:2   | Noticed a greater mummy
 22346 | Tomb:2   | Noticed a greater mummy
 22537 | Tomb:1   | Killed a greater mummy
 22537 | Tomb:1   | Gained mutation: Space occasionally distorts in your vicinity. [a neqoxec]
 22608 | Tomb:1   | Killed a greater mummy
 22641 | Tomb:1   | Killed a greater mummy
 22783 | Tomb:2   | Killed a greater mummy
 22958 | Tomb:2   | Lost mutation: You are robust (+10% HP). [mutagenic glow]
 22963 | Tomb:1   | Noticed a greater mummy
 22966 | Tomb:1   | Noticed a greater mummy
 22971 | Tomb:1   | Killed a greater mummy
 22982 | Tomb:1   | Killed a greater mummy
 23029 | Tomb:1   | Noticed a greater mummy
 23037 | Tomb:1   | Killed a greater mummy
 23065 | Tomb:1   | Noticed a greater mummy
 23068 | Tomb:1   | Noticed a greater mummy
 23068 | Tomb:1   | Noticed a greater mummy
 23071 | Tomb:1   | Killed a greater mummy
 23075 | Tomb:1   | Killed a greater mummy
 23079 | Tomb:1   | Killed a greater mummy
 23130 | Tomb:1   | Noticed a greater mummy
 23134 | Tomb:1   | Noticed a greater mummy
 23135 | Tomb:1   | Killed a greater mummy
 23135 | Tomb:1   | Reached skill level 10 in Spellcasting
 23137 | Tomb:1   | Noticed a greater mummy
 23139 | Tomb:1   | Noticed a greater mummy
 23147 | Tomb:1   | Killed a greater mummy
 23149 | Tomb:1   | Noticed a greater mummy
 23150 | Tomb:1   | Noticed a greater mummy
 23150 | Tomb:1   | Noticed a greater mummy
 23153 | Tomb:1   | Killed a greater mummy
 23155 | Tomb:1   | Noticed a greater mummy
 23265 | Tomb:1   | Killed a greater mummy
 23272 | Tomb:1   | Killed a greater mummy
 23272 | Tomb:1   | Reached XP level 25. HP: 135/140 MP: 34/39
 23315 | Tomb:1   | Killed a greater mummy
 23317 | Tomb:1   | Noticed a greater mummy
 23323 | Tomb:1   | Killed a greater mummy
 23476 | Tomb:1   | Killed a greater mummy
 23502 | Tomb:1   | Noticed a greater mummy
 23518 | Tomb:1   | Killed a greater mummy
 23523 | Tomb:1   | Killed a greater mummy
 23523 | Tomb:1   | Reached skill level 23 in Unarmed Combat
 24242 | D:14     | Got a vibrating bronze ring
 24244 | D:14     | Identified the ring "Pnauv" {+/*Tele rC+ MR++} (You acquired it on level 14 of the Dungeon)
 24293 | D:14     | Gained mutation: Your vision is a little blurry. [potion of mutation]
 24293 | D:14     | Gained mutation: You are weak. (Str -2) [potion of mutation]
 24294 | D:14     | Lost mutation: You have a pair of small antennae on your head. [potion of cure mutation]
 24294 | D:14     | Lost mutation: You are weak. (Str -2) [potion of cure mutation]
 24294 | D:14     | Lost mutation: You are partially covered in slimy green scales (AC +2). [potion of cure mutation]
 24294 | D:14     | Lost mutation: Space occasionally distorts in your vicinity. [potion of cure mutation]
 24532 | D:15     | Entered Level 15 of the Dungeon
 24751 | D:15     | Found a staircase to the Depths.
 24777 | Depths:1 | Entered Level 1 of the Depths
 24869 | Depths:1 | Found a one-way gate to the infinite horrors of the Abyss.
 24878 | Depths:1 | Voluntarily entered the Abyss.
 25317 | Abyss:4  | Found a corrupted altar of Lugonu.
 25427 | Abyss:4  | Found a corrupted altar of Lugonu.
 25808 | Abyss:4  | Paralysed by accursed screaming for 1 turns
 25976 | Abyss:4  | Got an abyssal rune of Zot
 26048 | Depths:1 | Escaped the Abyss
 26124 | Depths:1 | Found a one-way gate leading to the halls of Pandemonium.
 26227 | Hell     | Entered the Vestibule of Hell
 26227 | Hell     | Noticed Geryon
 26241 | Hell     | Killed Geryon
 26245 | Hell     | Reached XP level 26. HP: 113/147 MP: 36/40
 26265 | Hell     | Noticed Murray
 26398 | Hell     | Killed Murray
 26629 | D:12     | You showed the horn of Geryon to enter a treasure trove
 26630 | Trove    | Entered a treasure trove
 26657 | Trove    | Got a crude platinum ring
 26658 | Trove    | Identified the ring of the Median {+Fly rN+ Stlth-} (You found it in a treasure trove)
 26666 | Trove    | Got a twitching jade ring
 26668 | Trove    | Identified the ring of Exkoi {+Blink +Fly rPois SInv Stlth--} (You found it in a treasure trove)
 26697 | Trove    | Got a sparkling amber ring
 26699 | Trove    | Identified the ring of Megalomania {+/*Tele rN+ Dex+1 Slay+6} (You found it in a treasure trove)
 27333 | Tomb:3   | Entered Level 3 of the Tomb of the Ancients
 27584 | Tomb:3   | Noticed a greater mummy
 27751 | Tomb:3   | Killed a greater mummy
 27757 | Tomb:3   | Noticed a greater mummy
 27761 | Tomb:3   | Killed a greater mummy
 27886 | Tomb:3   | Noticed a greater mummy
 27888 | Tomb:3   | Noticed a greater mummy
 27891 | Tomb:3   | Noticed a greater mummy
 27895 | Tomb:3   | Killed a greater mummy
 27900 | Tomb:3   | Killed a greater mummy
 27907 | Tomb:3   | Killed a greater mummy
 27907 | Tomb:3   | Reached skill level 24 in Unarmed Combat
 27916 | Tomb:3   | HP: 7/193 [soul eater[an indirect mummy death curse] (8)]
 28033 | Tomb:3   | Noticed a greater mummy
 28036 | Tomb:3   | Noticed a greater mummy
 28036 | Tomb:3   | Noticed a greater mummy
 28040 | Tomb:3   | Killed a greater mummy
 28047 | Tomb:3   | Killed a greater mummy
 28052 | Tomb:3   | Killed a greater mummy
 28058 | Tomb:3   | Got a golden rune of Zot
 28157 | Tomb:3   | Learned a level 2 spell: Slow
 28160 | Tomb:3   | Learned a level 2 spell: Repel Missiles
 28225 | Tomb:3   | Got a heavily runed platinum ring
 28226 | Tomb:3   | Identified the ring of the Failed Coup {rC+ SInv Stlth-} (You found it on level 3 of the Tomb of the Ancients)
 28280 | Tomb:3   | Reached skill level 15 in Dodging
 28297 | Tomb:3   | Noticed a greater mummy
 28304 | Tomb:3   | Killed a greater mummy
 29224 | Pan      | Entered Pandemonium
 29270 | Pan      | Found an exit through the horrors of the Abyss.
 29288 | Pan      | Got a transparent scale mail
 29289 | Pan      | Identified the +2 scale mail of Asikh {Str+5} (You found it in Pandemonium)
 29428 | Pan      | Noticed Lairozo the pandemonium lord
 29434 | Pan      | Killed Lairozo the pandemonium lord
 29477 | Pan      | Gained mutation: You are frail (-10% HP). [a cacodemon]
 29478 | Pan      | Gained mutation: You are weak. (Str -2) [a cacodemon]
 29582 | Pan      | Found an exit through the horrors of the Abyss.
 29742 | Pan      | Reached XP level 27. HP: 139/139 MP: 37/40
 30038 | Pan      | Got a pair of transparent gloves
 30050 | Pan      | Identified the +2 pair of gloves "Omaisaes" {rElec rC+ SInv} (You acquired it in Pandemonium)
 30086 | Pan      | Gained mutation: Your spells are a little easier to cast, but a little less powerful. [a cacodemon]
 30144 | Pan      | Noticed Reme the pandemonium lord
 30153 | Pan      | Killed Reme the pandemonium lord
 30174 | Pan      | Got a demonic rune of Zot
 30285 | Pan      | Noticed Ujeor the pandemonium lord
 30297 | Pan      | Gained mutation: You occasionally shout uncontrollably at your foes. [a cacodemon]
 30365 | Pan      | Found an exit through the horrors of the Abyss.
 30423 | Pan      | Noticed Zucinein the pandemonium lord
 30432 | Pan      | Killed Zucinein the pandemonium lord
 30586 | Pan      | Noticed Fiukh the pandemonium lord
 30615 | Pan      | Killed Fiukh the pandemonium lord
 30629 | Pan      | Entered the realm of Mnoleg.
 30666 | Pan      | Got a shimmering steam dragon armour
 30667 | Pan      | Identified the cursed -1 steam dragon armour of the Morning Star {rC+} (You found it in Pandemonium)
 30730 | Pan      | Gained mutation: Armour fits poorly on your strangely shaped body. [a cacodemon]
 30741 | Pan      | Gained mutation: Your spells are easier to cast, but less powerful. [a neqoxec]
 30742 | Pan      | Noticed Mnoleg
 30747 | Pan      | Killed Mnoleg
 30754 | Pan      | Got a glowing rune of Zot
 30802 | Pan      | Found an exit through the horrors of the Abyss.
 30968 | Pan      | Got a bloodstained large shield
 30973 | Pan      | Identified the +1 large shield of Somewhere Else {Int+2} (You took it off a daeva in Pandemonium)
 31104 | Pan      | Reached skill level 25 in Unarmed Combat
 31111 | Pan      | Found a glowing silver altar of Zin.
 31197 | Pan      | Lost mutation: You are covered in fur (AC +1). [potion of cure mutation]
 31197 | Pan      | Lost mutation: You occasionally shout uncontrollably at your foes. [potion of cure mutation]
 31197 | Pan      | Lost mutation: Your spells are easier to cast, but less powerful. [potion of cure mutation]
 31197 | Pan      | Lost mutation: Your vision is a little blurry. [potion of cure mutation]
 31197 | Pan      | Lost mutation: You are weak. (Str -2) [potion of cure mutation]
 31210 | Pan      | Lost mutation: You are frail (-10% HP). [potion of cure mutation]
 31210 | Pan      | Lost mutation: You are mostly covered in molten scales (AC +3, EV -1). [potion of cure mutation]
 31210 | Pan      | Lost mutation: Armour fits poorly on your strangely shaped body. [potion of cure mutation]
 31210 | Pan      | Lost mutation: Your spells are a little easier to cast, but a little less powerful. [potion of cure mutation]
 31533 | Pan      | Found a glowing golden altar of the Shining One.
 31594 | Pan      | Identified the Grimoire of Ashen Transmutation
 31940 | Pan      | Got a pair of faintly glowing gloves
 31941 | Pan      | Identified the +4 pair of gloves of Focus {rC+ rN+} (You acquired it in Pandemonium)
 31954 | Pan      | Entered the realm of Cerebov.
 32226 | Pan      | Noticed Cerebov
 32349 | Pan      | Killed Cerebov
 32388 | Pan      | Got a pitted scale mail
 32390 | Pan      | Identified the +5 scale mail of the Pit {Str+2 Dex+4} (You found it in Pandemonium)
 32415 | Pan      | Got a fiery rune of Zot
 32455 | Pan      | Got an encrusted leather armour
 32461 | Pan      | Got a warped chain mail
 32506 | Pan      | Identified the +0 chain mail "Shaott" {Dex+4} (You took it off a red devil in Pandemonium)
 32507 | Pan      | Identified the cursed -4 leather armour of Serendipity {rPois rF+ Stlth--} (You took it off a red devil in Pandemonium)
 32514 | Pan      | Entered the realm of Lom Lobon.
 32527 | Pan      | Found an exit through the horrors of the Abyss.
 32802 | Pan      | Noticed Lom Lobon
 33044 | Pan      | HP: 1/158 [Lom Lobon/tornado (14)]
 33044 | Pan      | Slain by Lom Lobon

Action                   |  1- 3 |  4- 6 |  7- 9 | 10-12 | 13-15 | 16-18 | 19-21 | 22-24 | 25-27 || total
-------------------------+-------+-------+-------+-------+-------+-------+-------+-------+-------++-------
Melee: Unarmed           |    54 |    75 |   169 |   347 |  1018 |   863 |   604 |   857 |  1630 ||  5617
       Staff             |       |       |       |       |       |       |       |    51 |    21 ||    72
Throw: Throwing net      |     2 |     1 |       |       |     1 |       |       |       |       ||     4
       Tomahawk          |       |    10 |    57 |    51 |     7 |       |       |       |       ||   125
       Javelin           |       |       |       |       |     9 |       |       |       |       ||     9
 Cast: Cure Poison       |       |       |       |     5 |     8 |     1 |     4 |       |       ||    18
       Sting             |       |       |       |       |    58 |     8 |       |       |       ||    66
       Blade Hands       |       |       |       |       |       |     1 |    26 |    48 |    63 ||   138
       Summon Butterflie |       |       |       |       |       |     1 |       |       |       ||     1
       Stoneskin         |       |       |       |       |       |       |     5 |    19 |    22 ||    46
       Statue Form       |       |       |       |       |       |       |     1 |    19 |    34 ||    54
       Shroud of Golubri |       |       |       |       |       |       |     3 |     4 |     5 ||    12
       Passwall          |       |       |       |       |       |       |       |     8 |       ||     8
       Phase Shift       |       |       |       |       |       |       |       |    17 |    37 ||    54
       Passage of Golubr |       |       |       |       |       |       |       |     1 |       ||     1
       Aura of Abjuratio |       |       |       |       |       |       |       |     8 |     7 ||    15
       Blink             |       |       |       |       |       |       |       |       |     6 ||     6
       Apportation       |       |       |       |       |       |       |       |       |     4 ||     4
       Repel Missiles    |       |       |       |       |       |       |       |       |     6 ||     6
Invok: Slouch            |       |       |     1 |     4 |    13 |    17 |    11 |    10 |    17 ||    73
       Bend Time         |       |       |       |    14 |     4 |       |       |       |       ||    18
       Temporal Distorti |       |       |       |       |     5 |       |     3 |    22 |    36 ||    66
 Abil: End Transformatio |       |       |       |       |       |       |     6 |    12 |    19 ||    37
       Breathe Fire      |       |       |       |       |       |       |     1 |       |       ||     1
Evoke: Rod               |       |     1 |     3 |       |       |       |       |       |       ||     4
       Wand              |       |       |     2 |    32 |    18 |     7 |     3 |       |     4 ||    66
  Use: Scroll            |     3 |     1 |       |    12 |     9 |    11 |    16 |    16 |    34 ||   102
       Potion            |       |       |       |     1 |     2 |    19 |     3 |     8 |    13 ||    46
 Stab: Sleeping          |     1 |     4 |     2 |     3 |    10 |       |       |     3 |       ||    23
       Held in net/web   |       |     1 |       |       |     1 |       |       |       |       ||     2
       Distracted        |       |       |     1 |       |       |       |     1 |     2 |     4 ||     8
       Paralysed         |       |       |       |     1 |     5 |       |       |       |       ||     6
       Confused          |       |       |       |       |     1 |       |       |       |       ||     1
       Fleeing           |       |       |       |       |     1 |       |       |       |       ||     1
  Eat: Chunk             |       |       |     5 |     6 |     6 |       |    11 |    10 |    12 ||    50
       Beef jerky        |       |       |       |       |     2 |     1 |     1 |     1 |     1 ||     6
       Pizza             |       |       |       |       |     4 |       |       |       |     2 ||     6
       Royal jelly       |       |       |       |       |     4 |     5 |       |     1 |     1 ||    11
       Meat ration       |       |       |       |       |       |       |     1 |     6 |     9 ||    16
       Fruit             |       |       |       |       |       |       |       |       |     1 ||     1
